 Dungeon Crawl Stone Soup version 0.24.1-14-gf8d2b509d9 (webtiles) character file.

Game seed: 2658265464991760538, levelgen mode: deterministic

12169 TittyCrusher the Spear-Bearer (level 11, 79/79 HPs)
             Began as a Centaur Gladiator on Apr 17, 2022.
             Was the Champion of Okawaru.
             Quit the game on level 9 of the Dungeon on June 25, 2022.
             The game lasted 00:29:20 (11157 turns).

TittyCrusher the Spear-Bearer (Centaur Gladiator)  Turns: 11157, Time: 00:29:20

Health: 79/79      AC: 11    Str: 22      XL:     11   Next: 58%
Magic:  22/22      EV: 10    Int:  7      God:    Okawaru [******]
Gold:   260        SH:  0    Dex: 14 (15) Spells: 10/10 levels left

rFire    + . .     SeeInvis .   a - +2 halberd (venom)
rCold    . . .     Gourm    .   (shield currently unavailable)
rNeg     . . .     Faith    +   T - +2 acid dragon scales
rPois    .         Spirit   .   c - +0 helmet
rElec    +         Reflect  .   d - +1 cloak
rCorr    +         Harm     .   (no gloves)
MR       .....                  (no barding)
Stlth    ++........             X - amulet of faith
HPRegen  0.23/turn              l - +4 ring of dexterity
MPRegen  0.18/turn              w - ring "Qaganeom" {rElec rF+ MP+9 Stlth+}

@: studying Long Blades, very quick
A: large, hooves 3, blurry vision 1, deformed body, speed 2, low mp 2, strong 1,
tough skin 3
a: Heroism, Finesse, Renounce Religion


You were on level 9 of the Dungeon.
You worshipped Okawaru.
Okawaru was exalted by your worship.
You were not hungry.

You visited 1 branch of the dungeon, and saw 9 of its levels.

You collected 656 gold pieces.
You spent 396 gold pieces at shops.

Inventory:

Hand Weapons
 a - a +2 halberd of venom (weapon)
 b - a +0 shortbow
 U - a +1 trident of freezing
 Z - the +7 morningstar of the Hidden Vale {protect, rC++ MR+ Dex-5 SInv}
   (Okawaru gifted it to you on level 9 of the Dungeon)

   It grants its wielder temporary protection when it strikes (+7 to AC).
   It affects your dexterity (-5).
   It greatly protects you from cold.
   It affects your resistance to hostile enchantments.
   It lets you see invisible.
Missiles
 h - 61 bolts
 j - 329 stones
 x - 120 arrows
 B - 3 throwing nets (quivered)
 N - 47 poisoned darts
 Q - 3 curare-tipped darts
Armour
 c - a +0 helmet (worn)
 d - a +1 cloak (worn)
 q - a +1 animal skin
 C - a +0 ring mail
 P - a +0 troll leather armour
 T - +2 acid dragon scales (worn)
Magical Staves
 O - an uncursed staff of air {unknown}
Jewellery
 l - a +4 ring of dexterity (left hand)
 n - an uncursed ring of flight
 w - the ring "Qaganeom" (right hand) {rElec rF+ MP+9 Stlth+}
   (You took it off a crimson imp on level 9 of the Dungeon)

   [ring of magical power]

   It protects you from fire.
   It insulates you from electricity.
   It affects your magic capacity (+9).
   It makes you more stealthy.
 X - an amulet of faith (around neck)
Wands
 v - a wand of polymorph (2)
 y - a wand of digging (4)
 V - a wand of disintegration (23)
 Y - a wand of flame (8)
Scrolls
 g - 2 scrolls of fog
 k - 6 scrolls of teleportation
 m - 3 scrolls of blinking
 s - 3 scrolls of remove curse
 t - 2 scrolls of amnesia
 D - 4 scrolls of magic mapping
 E - 4 scrolls of enchant weapon
 F - a scroll of fear
 J - a scroll of random uselessness {unknown}
 M - 2 scrolls of enchant armour
 W - a scroll of immolation {unknown}
Potions
 e - a potion of haste
 i - a potion of cancellation
 r - 2 potions of curing
 u - 3 potions of magic
 G - 2 potions of flight
 H - 2 potions of mutation
 I - 2 potions of lignification
 L - a potion of resistance
Books
 S - a manual of Long Blades
Miscellaneous
 p - a lamp of fire (inert)
Comestibles
 f - 17 rations


   Skills:
 - Level 2.0 Fighting
 + Level 14.9 Polearms
 - Level 2.1 Throwing
 - Level 2.1 Dodging
 - Level 8.6 Invocations


You had 10 spell levels left.
You didn't know any spells.
Your spell library contained the following spells:

 Spells                   Type           Power        Failure   Level  Hunger
 Animate Skeleton         Necr           N/A          52%         1    ##.....
 Corona                   Hex            #......      52%         1    ##.....
 Infusion                 Chrm           #...         52%         1    ##.....
 Pain                     Necr           #...         52%         1    ##.....
 Ensorcelled Hibernation  Hex/Ice        #.....       65%         2    ###....
 Shroud of Golubria       Chrm/Tloc      #.....       65%         2    ###....
 Song of Slaying          Chrm           #.......     65%         2    ###....
 Confuse                  Hex            #.......     87%         3    ####...
 Dazzling Spray           Conj/Hex       #.....       87%         3    ####...
 Regeneration             Chrm/Necr      #.........   87%         3    ####...
 Spectral Weapon          Hex/Chrm       #.......     87%         3    ####...
 Tukima's Dance           Hex            #.......     87%         3    ####...
 Vampiric Draining        Necr           #.........   87%         3    ####...
 Animate Dead             Necr           N/A          99%         4    #####..


Dungeon Overview and Level Annotations

Branches:
Dungeon (9/15)             Temple (0/1) D:5
   Lair: D:8-11         Orc: D:9-12

Altars:
Ashenzari
Cheibriados
Elyvilon
Hepliaklqana
Nemelex Xobeh
Okawaru
Sif Muna
Xom

Shops:
D:4 [   D:7 ?:!

Annotations:
D:1 exclusion: downstairs
D:5 exclusion: downstairs


Innate Abilities, Weirdness & Mutations

You have hooves in place of feet.
Armour fits poorly on your strangely shaped body.
You cover ground very quickly.
You have extremely tough skin. (AC +3)
Scrolls take you a little longer to read.
Your magical capacity is very low. (-20% MP)
Your muscles are strong. (Str +2)


Message History

As you read the scroll of identify, it crumbles to dust.
Z - the +7 morningstar of the Hidden Vale {protect, rC++ MR+ Dex-5 SInv} You see here a runed dagger.
You see here a +0 club.
Things that are here:
a +0 dagger; a +0 robe; a +0 short sword
Found a stone staircase leading up.
You see here a large shield.
Things that are here:
a +0 giant club x2
Done exploring.
Done exploring.
(D) Dungeon (T) Temple
Where to? (Enter - D:9 @ (x,y), ? - help)
Okay, then.
Saving game... please wait.
Welcome back, TittyCrusher the Centaur Gladiator.
Okawaru says: Bring me glory in combat!
Press ? for a list of commands and other information.
Are you sure you want to abandon this character and quit the game? (Confirm with "yes".)

.............###.#...............
#.8.8.#[#...#.#.###..#.##########
###.###...#.##.## #..#.#
###.#####.#####.###..#.#
..................)..#.#
###################..#.#
#.........# #.........#
#..@......# #.......#>#
#.......#[# #.......#.#
#.......#.# #.......#.#
#.......#.#######
#########.......# #######.#


There were no monsters in sight!

Vanquished Creatures
  Erica (D:8)
  4 two-headed ogres
  A centaur warrior (D:9)
  2 gargoyles (D:9)
  3 trolls
  A hornet (D:9)
  Grinder (D:3)
  A slime creature (D:9)
  3 hippogriffs (D:9)
  A wyvern (D:8)
  A spriggan (D:9)
  A hungry ghost (D:9)
  An acid dragon (D:9)
  2 black bears (D:9)
  4 orc warriors
  5 ice beasts
  An eye of draining (D:8)
  A sky beast (D:7)
  A necrophage (D:8)
  A tengu (D:8)
  5 ogres
  2 phantoms
  4 centaurs
  A big kobold (D:8)
  5 bullfrogs
  A gnoll sergeant (D:8)
  4 scorpions
  A water moccasin skeleton (D:9)
  15 killer bees
  A howler monkey (D:9)
  A wight (D:9)
  5 crimson imps
  2 quasits (D:9)
  5 hounds
  Crazy Yiuf (D:3)
  A centaur zombie (D:9)
  8 jellies
  A gnoll shaman (D:9)
  2 orc priests (D:9)
  A bullfrog skeleton (D:9)
  8 orc wizards
  A centaur skeleton (D:9)
  Natasha (thrice) (D:2)
  3 iguanas
  10 worker ants
  A hound zombie (D:6)
  2 hound skeletons
  Robin (D:2)
  11 gnolls
  13 adders
  2 shadow imps
  An adder skeleton (D:4)
  An adder zombie (D:9)
  2 worms (D:2)
  3 dart slugs (D:1)
  4 leopard geckos
  33 orcs
  6 giant cockroaches
  4 hobgoblins
  3 jackals (D:2)
  18 kobolds
  2 quokkas
  5 bats
  3 frilled lizards
  16 goblins
  A jackal skeleton (D:4)
  7 rats
266 creatures vanquished.

Notes
Turn   | Place    | Note
-------+----------+-------------------------------------------
     0 | D:1      | TittyCrusher the Centaur Gladiator began the quest for the
                  | Orb.
     0 | D:1      | Reached XP level 1. HP: 17/17 MP: 1/1
     2 | D:1      | Noticed an octopode
     3 | D:1      | Noticed a draconian
     5 | D:1      | Noticed a spriggan
     5 | D:1      | Noticed a formicid
     7 | D:1      | Noticed a merfolk
     9 | D:1      | Noticed a demigod
     9 | D:1      | Noticed a vampire
    11 | D:1      | Noticed a gargoyle
    11 | D:1      | Noticed a demonspawn
    13 | D:1      | Noticed an elf
    13 | D:1      | Noticed a halfling
    15 | D:1      | Noticed a felid
    17 | D:1      | Noticed a dwarf
    17 | D:1      | Noticed a centaur
    19 | D:1      | Noticed a naga
    19 | D:1      | Noticed a human
    21 | D:1      | Noticed an ogre
    21 | D:1      | Noticed a tengu
    23 | D:1      | Noticed a vine stalker
    23 | D:1      | Noticed a minotaur
    25 | D:1      | Noticed a troll
    27 | D:1      | Noticed a ghoul
   109 | D:1      | Reached skill level 3 in Polearms
   321 | D:1      | Reached XP level 2. HP: 21/24 MP: 2/2
   866 | D:2      | Noticed Natasha
   984 | D:2      | Noticed Robin
  1268 | D:2      | Killed Robin
  1268 | D:2      | Reached skill level 4 in Polearms
  1268 | D:2      | Reached XP level 3. HP: 29/29 MP: 3/3
  1349 | D:2      | Found a shimmering blue altar of Sif Muna.
  1685 | D:2      | Killed Natasha
  1685 | D:2      | Reached XP level 4. HP: 36/36 MP: 4/4
  1981 | D:2      | Reached skill level 5 in Polearms
  2003 | D:2      | Noticed Natasha
  2011 | D:2      | Killed Natasha
  2011 | D:2      | Reached XP level 5. HP: 35/41 MP: 5/5
  2155 | D:2      | Noticed Natasha
  2162 | D:2      | Killed Natasha
  2469 | D:3      | Reached skill level 6 in Polearms
  2513 | D:3      | You fall into a shaft and drop 3 floors!
  2526 | D:6      | Noticed an ice beast
  2529 | D:5      | Entered Level 5 of the Dungeon
  2534 | D:5      | Reached XP level 6. HP: 47/48 MP: 6/6
  2722 | D:3      | Found a runed translucent door.
  2723 | D:3      | Noticed Crazy Yiuf
  2776 | D:3      | Killed Crazy Yiuf
  2875 | D:3      | Found a sparkling altar of Nemelex Xobeh.
  3090 | D:3      | Noticed Grinder
  3106 | D:3      | Killed Grinder
  3106 | D:3      | Reached skill level 7 in Polearms
  3106 | D:3      | Reached XP level 7. HP: 39/55 MP: 7/7
  3642 | D:4      | Found a shimmering altar of Xom.
  3678 | D:4      | Reached skill level 8 in Polearms
  3721 | D:4      | Found Ucvengyz's Antique Armour Shoppe.
  4390 | D:5      | Found an iron altar of Okawaru.
  4402 | D:5      | Reached skill level 9 in Polearms
  4402 | D:5      | Reached XP level 8. HP: 61/61 MP: 8/8
  4407 | D:5      | Found a hazy altar of Hepliaklqana.
  4412 | D:5      | Became a worshipper of Warmaster Okawaru
  4463 | D:5      | Found a white marble altar of Elyvilon.
  4608 | D:5      | Found a staircase to the Ecumenical Temple.
  4769 | D:5      | Noticed a two-headed ogre
  4795 | D:5      | Killed a two-headed ogre
  4795 | D:5      | Reached * piety under Okawaru
  4795 | D:5      | Reached skill level 10 in Polearms
  5427 | D:6      | Reached skill level 11 in Polearms
  5451 | D:6      | Reached ** piety under Okawaru
  5451 | D:6      | Reached XP level 9. HP: 67/67 MP: 9/9
  6116 | D:7      | Found Buec's Book Shoppe.
  6414 | D:7      | Reached skill level 12 in Polearms
  6741 | D:7      | Found a shimmering altar of Xom.
  6820 | D:7      | Found Daeczup's Magic Scroll Boutique.
  6911 | D:7      | Bought a scroll of identify for 32 gold pieces
  6911 | D:7      | Bought a scroll of identify for 32 gold pieces
  6913 | D:7      | Bought a scroll of magic mapping for 56 gold pieces
  6913 | D:7      | Bought a scroll of blinking for 120 gold pieces
  6985 | D:7      | Found Irheec's Distillery.
  6990 | D:7      | Bought a potion of resistance for 120 gold pieces
  6990 | D:7      | Bought a potion of lignification for 36 gold pieces
  7390 | D:8      | Noticed Erica
  7414 | D:8      | Reached *** piety under Okawaru
  7421 | D:8      | Killed Erica
  7421 | D:8      | Reached skill level 13 in Polearms
  7421 | D:8      | Reached XP level 10. HP: 73/73 MP: 10/10
  7463 | D:8      | Reached skill level 1 in Invocations
  7506 | D:8      | Noticed Psyche
  7509 | D:8      | Noticed Psyche
  7509 | D:8      | Psyche changed into Psyche the tengu
  7514 | D:8      | Killed Psyche the tengu
  7524 | D:8      | Found a shattered altar of Ashenzari.
  7828 | D:8      | Reached **** piety under Okawaru
  8143 | D:8      | Found a snail-covered altar of Cheibriados.
  8396 | D:9      | Reached skill level 5 in Invocations
  8815 | D:9      | Noticed a two-headed ogre
  8830 | D:9      | Noticed a gargoyle
  8837 | D:9      | Killed a two-headed ogre
  8837 | D:9      | Reached ***** piety under Okawaru
  8850 | D:9      | Killed a gargoyle
  8856 | D:9      | Noticed a gargoyle
  9276 | D:9      | Received a gift from Okawaru
  9547 | D:9      | Reached XP level 11. HP: 62/79 MP: 17/17
  9573 | D:9      | Noticed a two-headed ogre
  9595 | D:9      | Killed a two-headed ogre
  9615 | D:9      | Reached skill level 14 in Polearms
  9785 | D:9      | Identified the ring "Qaganeom" {rElec rF+ MP+9 Stlth+}
 10246 | D:9      | Noticed a two-headed ogre
 10326 | D:9      | Killed a two-headed ogre
 10332 | D:9      | Reached ****** piety under Okawaru
 10340 | D:9      | Noticed a centaur warrior
 10356 | D:9      | Killed a centaur warrior
 10373 | D:9      | Gained mutation: Your magical capacity is low. (-10% MP)
                  | [potion of mutation]
 10373 | D:9      | Gained mutation: Your magical capacity is very low. (-20%
                  | MP) [potion of mutation]
 10373 | D:9      | Gained mutation: Scrolls take you a little longer to read.
                  | [potion of mutation]
 10373 | D:9      | Gained mutation: Your muscles are strong. (Str +2) [potion
                  | of mutation]
 10385 | D:9      | Received a gift from Okawaru
 10436 | D:9      | Got a shimmering morningstar {god gift}
 11054 | D:9      | Identified the +7 morningstar of the Hidden Vale {protect,
                  | rC++ MR+ Dex-5 SInv} (Okawaru gifted it to you on level 9
                  | of the Dungeon)
 11157 | D:9      | Quit the game

Levels and vault maps discovered:
D:1:      kb_arrival_jail, layout_loops_corners, hangedman_glass_teeth,
          minmay_distorted
D:2:      minmay_evil_eye, layout_basic, lemuel_doored_altar,
          minmay_tree_intersection, uniq_natasha, uniq_robin
D:3:      layout_loops_corners, marbit_many_paths, uniq_crazy_yiuf_cottage,
          uniq_grinder
D:4:      layout_gridville, overflow_temple_1_default, serial_shops, shop,
          hex_tiny
D:5:      layout_gridville, elyvilon_altar_4,
          chequers_temple_overflow_statue_of_worship, temple_statues,
          first_ration
D:6:      layout_basic
D:7:      layout_loops_cross, serial_shops, shop, shop_coins,
          nicolae_shop_temple_entry_statues_fountains, dk_xom_monty_hall
D:8:      minmay_general_purpose_star, layout_basic, kennysheep_mini,
          cheibriados_altar_1, uniq_erica, uniq_psyche
D:9:      minmay_the_grid_square_5x5_4x4 [minmay_the_grid_square_5x5_lines,
          minmay_the_grid_square_5x5_minibox,
          minmay_the_grid_square_5x5_spiral_small,
          minmay_the_grid_square_5x5_shrine2,
          minmay_the_grid_square_5x5_fancy_junction,
          minmay_the_grid_square_5x5_prize_snowflake,
          minmay_the_grid_square_5x5_prize_pseudospiral,
          minmay_the_grid_square_5x5_eight, minmay_the_grid_square_5x5_mess,
          minmay_the_grid_square_5x5_prize_open,
          minmay_the_grid_square_5x5_prize_junk,
          minmay_the_grid_square_5x5_hollow_slash,
          minmay_the_grid_square_5x5_minimal,
          minmay_the_grid_square_5x5_intrusive_squares,
          minmay_the_grid_square_5x5_inset, minmay_the_grid_square_5x5_n],
          layout_basic, the_bakery

Skill      XL: |  1  2  3  4  5  6  7  8  9 10 11 |
---------------+----------------------------------+-----
Polearms       | 3 4 5 6 7 9 11 13 14 | 14.9
Invocations    | 8 |  8.6
Fighting       | |  2.0
Throwing       | |  2.1
Dodging        | |  2.1

Action                   |  1- 3 |  4- 6 |  7- 9 | 10-12 || total
-------------------------+-------+-------+-------+-------++-------
Melee: Trident           |    89 |   138 |   353 |   300 ||   880
       Kick              |    12 |    15 |    65 |    99 ||   191
       Halberd           |       |       |       |   111 ||   111
 Fire: Shortbow          |       |       |       |     3 ||     3
Throw: Throwing net      |       |     3 |     2 |       ||     5
       Stone             |       |     1 |       |       ||     1
Invok: Heroism           |       |       |       |     2 ||     2
Evoke: Wand              |       |       |    12 |    19 ||    31
       Lamp of fire      |       |       |       |     1 ||     1
  Use: Scroll            |     6 |     2 |     6 |     4 ||    18
       Potion            |       |     1 |     3 |     5 ||     9
 Stab: Sleeping          |       |     3 |     1 |     2 ||     6
       Held in net/web   |       |     1 |     4 |       ||     5
       Paralysed         |       |       |     8 |     6 ||    14
       Distracted        |       |       |       |     2 ||     2
  Eat: Chunk             |     1 |     3 |     9 |    10 ||    23
       Ration            |       |       |     1 |       ||     1
Armor: Leather armour    |    12 |       |       |       ||    12
       Animal skin       |     4 |    30 |    50 |    10 ||    94
       Skin              |       |       |       |    16 ||    16
       Troll leather arm |       |       |       |    24 ||    24
       Acid dragon scale |       |       |       |    30 ||    30
Dodge: Dodged            |    23 |    36 |    85 |   107 ||   251
